 Dungeon Crawl Stone Soup version 0.32-a0-22-g6ae6769602 (webtiles) character file.

Game seed: 13935651682720351808

347 PriceMaster the Firebug (level 6, -5/38 HPs)
             Began as an Octopode Fire Elementalist on Jan 19, 2024.
             Slain by Duvessa
             ... wielding a +0 short sword
              (15 damage)
             ... on level 4 of the Dungeon.
             The game lasted 00:06:32 (3248 turns).

PriceMaster the Firebug (OpFE)                      Turns: 3248, Time: 00:06:33

Health: -5/38      AC:  3    Str:  7    XL:     6   Next: 59%
Magic:  11/11      EV: 13    Int: 20    God:
Gold:   223        SH:  0    Dex: 12    Spells: 9/12 levels left

rFire   + . .        s - staff of fire
rCold   . . .        (no shield)
rNeg    . . .        p - +2 hat
rPois   +            (no amulet)
rElec   .            l - ring of poison resistance
rCorr   .            (no ring)
SInv    .            (no ring)
Will    .....        (no ring)
Stlth   +++          (no ring)
HPRegen 0.26/turn    (no ring)
MPRegen 0.12/turn    (no ring)
                     (no ring)

%: no passive effects
@: no status effects
A: almost no armour, amphibious, 8 rings, camouflage 1, gelatinous body 1,
(nimble swimmer 1), tentacles
a: no special abilities


You were on level 4 of the Dungeon.
You visited 1 branch of the dungeon, and saw 4 of its levels.

You collected 223 gold pieces.

Inventory:

Hand Weapons
 e - a +1 dagger of flaming
Armour
 p - a +2 hat (worn)
Magical Staves
 s - a staff of fire (weapon)
Jewellery
 l - a ring of poison resistance (left tentacle)
Talismans
 i - a beast talisman
Scrolls
 c - 5 scrolls of identify {unknown}
 d - a scroll of enchant armour {unknown}
 f - a scroll of fog {unknown}
 h - a scroll of torment {unknown}
 k - 3 scrolls of teleportation {unknown}
 n - a scroll of fear {unknown}
 r - a scroll of revelation {unknown}
Potions
 b - 2 potions of haste {unknown}
 g - a potion of enlightenment {unknown}
 j - a potion of might {unknown}
 m - a potion of lignification {unknown}
 o - 2 potions of brilliance {unknown}
 q - 2 potions of heal wounds {unknown}


   Skills:
 + Level 1.0 Fighting
 + Level 0.7 Short Blades
 + Level 2.2 Dodging
 + Level 4.1 Stealth
 + Level 0.5 Unarmed Combat
 + Level 3.8 Spellcasting
 + Level 2.1 Conjurations
 + Level 4.7 Fire Magic
 + Level 0.3 Shapeshifting


You had 9 spell levels left.
You knew the following spells:

 Your Spells              Type           Power      Damage    Failure   Level
a - Foxfire               Conj/Fire      100%       2x1d9     3%          1
b - Scorch                Fire           68%        2d7       2%          2

Your spell library contained the following spells:

 Spells                   Type           Power      Damage    Failure   Level
 Inner Flame              Hex/Fire       19%        N/A       16%         3
 Volatile Blastmotes      Fire/Tloc      38%        2d13      16%         3
 Flame Wave               Conj/Fire      26%        2d8       32%         4
 Fugue of the Fallen      Necr           3%         N/A       36%         3
 Ozocubu's Armour         Ice            3%         N/A       36%         3
 Manifold Assault         Tloc           3%         N/A       78%         4


Dungeon Overview and Level Annotations

Branches:
Dungeon (4/15)
 Temple: D:4-7

Altars:
Elyvilon

Annotations:
D:4 Duvessa


Innate Abilities, Weirdness & Mutations

You cannot wear most types of armour.
You are amphibious.
You can wear up to eight rings at the same time.
Your skin changes colour to match your surroundings (Stealth+).
Your rubbery body absorbs attacks. (AC +1, EV +1)
((You are camouflaged when in or above water. (Stealth+)))
You have tentacles for arms and can constrict up to eight enemies at once.


Message History

You kill the hound!
The giant cockroach closely misses you.
Your Stealth skill increases to level 4!
Casting: Foxfire (safe; 3% risk of failure)
Confirm with . or Enter, or press ? or * to list all spells.
You feel a surge of power!
You conjure some foxfire!
The foxfire hits Dowan.
Dowan is severely wounded.
The foxfire hits Dowan.
You kill Dowan!
Duvessa screams in rage.
Duvessa goes berserk!
The giant cockroach bites you but does no damage.
Casting: Foxfire (safe; 3% risk of failure)
Confirm with . or Enter, or press ? or * to list all spells.
You feel a surge of power!
You conjure some foxfire!
The foxfire hits the giant cockroach.
You kill the giant cockroach!
The foxfire hits Duvessa.
Duvessa is lightly wounded.
Duvessa barely misses you.
Casting: Foxfire (safe; 3% risk of failure)
Confirm with . or Enter, or press ? or * to list all spells.
You feel a surge of power!
Flames lash Duvessa.
Duvessa is moderately wounded.
Duvessa's fire resistance burns away.
The foxfire hits Duvessa!
Duvessa is burned terribly!
Duvessa is heavily wounded.
The foxfire hits Duvessa but does no damage.
Duvessa is heavily wounded.
Duvessa barely misses you. Duvessa hits you with a +0 short sword!
Casting: Scorch (safe; 2% risk of failure)
Confirm with . or Enter, or press ? or * to list all spells.
You feel a surge of power!
Flames lash Duvessa.
Duvessa is burned terribly!
Duvessa is severely wounded.
Duvessa hits you with a +0 short sword!
Unknown command.
Magic courses through your body. Duvessa hits you with a +0 short sword!
* * * LOW HITPOINT WARNING * * *
Duvessa hits you with a +0 short sword!
You die...

#.#.#.###.###.#.....
#.....# #.# #.......
#####.....###.#
#.......
..............#
#.......
#######.#######
#....... #.# ##......
#.# ##..... ##'##
##...# #.@.# ##.##
#.†.e.# ######.##
#.......# #.......#
#...).....# ##...##..#
+.........+.......#..#
#.........####.......#
##.......## #..#.##.#
##.....## #.##.##.#
#...<...#


You could see Duvessa (berserk, combustible).

Vanquished Creatures
  Dowan (D:4)
  2 jellies
  An orc priest (D:4)
  A hound (D:4)
  An iguana (D:3)
  2 orc wizards
  A gnoll (D:2)
  3 adders (D:2)
  A dart slug (D:3)
  4 orcs
  6 bats
  4 endoplasms
  6 giant cockroaches
  5 goblins
  9 hobgoblins
  3 quokkas
  4 ball pythons
  6 frilled lizards (D:2)
  4 kobolds
  4 rats
68 creatures vanquished.

Vanquished Creatures (others)
  134 foxfires
134 creatures vanquished.

Grand Total: 202 creatures vanquished

Notes
Turn   | Place    | Note
-------+----------+-------------------------------------------
     0 | D:1      | PriceMaster the Octopode Fire Elementalist began the quest
                  | for the Orb.
     0 | D:1      | Reached XP level 1. HP: 11/11 MP: 3/3
   185 | D:1      | Reached XP level 2. HP: 17/17 MP: 0/5
   712 | D:1      | Reached XP level 3. HP: 21/21 MP: 4/6
  1202 | D:2      | Found a white marble altar of Elyvilon.
  1499 | D:2      | Reached XP level 4. HP: 27/27 MP: 3/8
  2302 | D:3      | Found a faded altar of an unknown god.
  2359 | D:3      | Reached XP level 5. HP: 32/32 MP: 1/9
  2853 | D:3      | Found a white marble altar of Elyvilon.
  3011 | D:3      | Learned a level 2 spell: Scorch
  3057 | D:4      | Reached XP level 6. HP: 33/37 MP: 2/11
  3073 | D:4      | Reached skill level 1 in Fighting
  3235 | D:4      | Noticed Dowan
  3237 | D:4      | Noticed Duvessa
  3244 | D:4      | Killed Dowan
  3248 | D:4      | Slain by Duvessa

Illustrated notes

Levels and vault maps discovered:
D:1:      mrwooster_arrival_statue_3, layout_basic
D:2:      kennysheep_six_static_rooms, layout_basic, basic_altar,
          nicolae_eternal_life, serial_bayou_lake_a
D:3:      minmay_evil_eye, layout_basic, elyvilon_altar_3,
          ebering_ecumenical_altar_box
D:4:      layout_loops_corners, pf_just_have_faith, kennysheep_mini_moat,
          uniq_duvessa

Skill      XL: |  1  2  3  4  5  6 |
---------------+-------------------+-----
Stealth        | 3 4 |  4.1
Spellcasting   | 3 |  3.8
Fire Magic     | 4 |  4.7
Conjurations   | 2 |  2.1
Fighting       | 1 |  1.0
Short Blades   | |  0.7
Dodging        | |  2.2
Unarmed Combat | |  0.5
Shapeshifting  | |  0.3

Action                     |  1- 3 |  4- 6 || total
---------------------------+-------+-------++-------
  Melee: Unarmed           |    20 |       ||    20
         Constrict         |    10 |     4 ||    14
         Tentacles         |     8 |     1 ||     9
         Dagger            |    23 |    19 ||    42
         Punch             |       |     1 ||     1
         Staff             |       |     7 ||     7
   Cast: Foxfire           |    52 |    49 ||   101
         Scorch            |       |     6 ||     6
    Use: Potion            |       |     1 ||     1
   Stab: Sleeping          |     4 |     3 ||     7
 Armour: Skin              |    21 |    20 ||    41
  Dodge: Dodged            |    30 |    17 ||    47
   Form: Beast             |     1 |       ||     1
                           |       |     1 ||     1

Table legend: (Time is in decaauts)
 A = Elapsed time spent in this place.
 B = Non-inter-level travel time spent in this place.
 C = Inter-level travel time spent in this place.
 D = Time resting spent in this place.
 E = Time spent auto-exploring this place.
 F = Levels seen in this place.
 G = Mean time per level.
                   A        B        C        D        E       F      G
               +--------+--------+--------+--------+--------+-----+--------+
         Total |   3246 |   3188 |     58 |     87 |   2496 |   4 |  811.5 |
       Dungeon |   3246 |   3188 |     58 |     87 |   2496 |   4 |  811.5 |
               +--------+--------+--------+--------+--------+-----+--------+

Top non-repeatable levels by time:
     D:1: 1085 daAuts
     D:2: 1055 daAuts
     D:3: 886 daAuts
     D:4: 219 daAuts
